 Dungeon Crawl Stone Soup version 0.29.1-2-gbd0b4ee654 (webtiles) character file.

Game seed: 1513334843884803204

47 qeuew the Ducker (level 3, -1/28 HPs)
             Began as a Merfolk Gladiator on Nov 2, 2022.
             Slain by a kobold
             ... wielding a +0 dagger
              (2 damage)
             ... on level 2 of the Dungeon.
             The game lasted 00:02:01 (1445 turns).

qeuew the Ducker (Merfolk Gladiator)                Turns: 1445, Time: 00:02:01

Health: -1/28      AC:  4    Str: 14    XL:     3   Next: 70%
Magic:  3/3        EV: 13    Int:  7    God:
Gold:   73         SH:  5    Dex: 17    Spells: 2/2 levels left

rFire   . . .      SeeInvis .   a - +0 long sword
rCold   . . .      Faith    .   (no shield)
rNeg    . . .      Spirit   .   b - +0 leather armour
rPois   .          Reflect  +   c - +0 helmet
rElec   .          Harm     .   (no cloak)
rCorr   +          Rampage  .   (no gloves)
Will    .....                   (no boots)
Stlth   +.........              i - amulet of reflection
HPRegen 0.09/turn               f - ring of resist corrosion
MPRegen 0.08/turn               (no ring)

@: no status effects
A: (nimble swimmer 2), mertail
a: no special abilities


You were on level 2 of the Dungeon.
You visited 1 branch of the dungeon, and saw 2 of its levels.

You collected 73 gold pieces.

Inventory:

Hand Weapons
 a - a +0 long sword (weapon)
Missiles
 d - 3 throwing nets (quivered)
 e - a javelin
Armour
 b - a +0 leather armour (worn)
 c - a +0 helmet (worn)
Jewellery
 f - a ring of resist corrosion (left hand)
 i - an amulet of reflection (around neck)
Wands
 m - a wand of flame (15)
Scrolls
 g - a scroll of identify {unknown}
 h - a scroll of amnesia {unknown}
Potions
 j - a potion of might
 k - a potion of haste {unknown}
 l - a potion of curing


   Skills:
 + Level 2.4 Fighting
 + Level 4.2 Long Blades
 + Level 2.1 Throwing
 * Level 1.2 Armour
 + Level 4.4 Dodging


You had 2 spell levels left.
You didn't know any spells.
Your spell library was empty.

Dungeon Overview and Level Annotations

Branches:
Dungeon (2/15)

Altars:


Innate Abilities, Weirdness & Mutations

((You are very nimble when in or above water. (Stealth+, EV+, Speed+++)))
Your lower body shifts to a powerful aquatic tail in water.


Message History

The worm is heavily wounded.
The frilled lizard bites you.
The giant cockroach bites you but does no damage.
The frilled lizard bites you but does no damage.
The worm bites you!
* * * LOW HITPOINT WARNING * * *
You hit the worm.
The worm is severely wounded.
The giant cockroach barely misses you. The giant cockroach misses you.
The frilled lizard misses you.
You hit the worm but do no damage.
The worm is severely wounded.
You block the giant cockroach's attack. You block the worm's attack.
The frilled lizard misses you. The kobold hits you but does no damage.
You hit the worm but do no damage.
The worm is severely wounded.
You block the giant cockroach's attack. The kobold hits you with a +0 club.
* * * LOW HITPOINT WARNING * * *
You block the frilled lizard's attack. You block the kobold's attack.
The worm completely misses you.
The giant cockroach waves its antennae.
The giant cockroach completely misses you.
You hit the worm.
You kill the worm!
You block the frilled lizard's attack. The kobold completely misses you.
The kobold hits you with a +0 dagger.
* * * LOW HITPOINT WARNING * * *
You block the giant cockroach's attack.
Unknown command.
Okay, then.
You slash the frilled lizard!
You kill the frilled lizard!
The giant cockroach barely misses you. The kobold hits you but does no damage.
The kobold barely misses you.
You slash the kobold!
You kill the kobold!
The giant cockroach bites you.
* * * LOW HITPOINT WARNING * * *
The kobold hits you with a +0 dagger.
You die...

......# #........#
........## #........#
.........# #.........
.........# #.........
.♣.......#### #..)......
#$.......'..####..####..
#(.......'...###.#####..
.♣.....BK###...††.......
.......@.# ##...†.......
.^....)†.# ##...........
........## #..#.........
.......## #.##.........
### ......#
#.##......... ..# .....#
###.##......... #.###
....# #...##.........
#...### ####
#.####......... ###...##
##.# #.........


You could see a giant cockroach and a kobold.

Vanquished Creatures
  An adder (D:2)
  A worm (D:2)
  3 dart slugs
  An orc (D:2)
  4 endoplasms
  2 giant cockroaches
  2 goblins (D:1)
  A hobgoblin (D:1)
  A quokka (D:1)
  3 ball pythons
  3 bats
  A frilled lizard (D:2)
  5 kobolds
  2 rats
30 creatures vanquished.

Notes
Turn   | Place    | Note
-------+----------+-------------------------------------------
     0 | D:1      | qeuew the Merfolk Gladiator began the quest for the Orb.
     0 | D:1      | Reached XP level 1. HP: 16/16 MP: 1/1
   163 | D:1      | Found a faded altar of an unknown god.
   181 | D:1      | Reached XP level 2. HP: 7/22 MP: 2/2
   672 | D:1      | You fall into a shaft and drop 1 floor!
   759 | D:1      | Reached XP level 3. HP: 28/28 MP: 3/3
  1329 | D:2      | Reached skill level 1 in Armour
  1445 | D:2      | HP: 1/28 [giant cockroach (2)]
  1445 | D:2      | Slain by a kobold

Illustrated notes

Levels and vault maps discovered:
D:1:      minmay_arrival_split_and_join, layout_loops_ring,
          shapermc_ecumenical_altar_starsandcircs
D:2:      kennysheep_big_flooded_room, layout_basic

Skill      XL: |  1  2  3 |
---------------+----------+-----
Long Blades    | 4 |  4.2
Armour         | 1 |  1.2
Fighting       | |  2.4
Throwing       | |  2.1
Dodging        | |  4.4

Action                   || total
-------------------------++-------
Melee: Long sword        ||    86
  Use: Scroll            ||     2
       Potion            ||     2
 Stab: Sleeping          ||     3
Armor: Leather armour    ||    22
Dodge: Dodged            ||    56
Block: Other             ||    24
       Reflection        ||     2
